Description

00:00 12 SCV 00:12 13 SCV 00:18 14 SupplyDepot 00:24 14 SCV 00:40 15 SCV 00:41 16 Barracks 00:44 16 Refinery 00:52 16 SCV 00:59 17 Barracks 01:04 17 SCV 01:05 18 Mine gas 01:05 18 Mine gas 01:16 18 SCV 01:28 19 OrbitalCommand 01:28 19 Marine 01:45 20 BarracksReactor 01:46 20 Marine 01:53 21 SCV 01:53 22 Call down supply 01:59 22 CommandCenter 02:04 22 Marine 02:06 23 SCV 02:12 24 SupplyDepot 02:21 24 Marine 02:21 25 Marine 02:22 26 BarracksTechLab 02:22 26 Mine gas 02:39 26 Marine 02:39 27 Marine 02:40 28 Stimpack 02:41 28 Marauder 02:43 30 SCV 02:57 31 Marine 02:57 32 Marine 02:57 33 Call down MULE 02:57 33 SCV 03:02 34 Marauder 03:10 36 OrbitalCommand 03:10 36 SCV 03:15 37 Marine 03:15 38 Marine 03:24 39 Marauder 03:24 41 SCV 03:26 42 Barracks 03:30 42 SupplyDepot 03:32 42 Marine 03:35 43 SCV 03:35 44 Marine 03:37 45 SCV 03:45 46 Marauder 03:47 48 SCV 03:50 49 Marine 03:50 50 SCV 03:53 51 Marine 03:54 52 SupplyDepot 03:59 52 SCV 04:02 53 SCV 04:07 54 Marauder 04:08 56 Marine 04:12 57 SCV 04:12 58 Marine 04:15 59 SCV 04:15 60 BarracksTechLab 04:16 60 Factory 04:20 60 SupplyDepot 04:24 60 SCV 04:26 61 Marine 04:27 62 SCV 04:29 63 Marauder 04:31 65 Marine 04:34 66 Marauder 04:36 68 SCV 04:39 69 SCV 04:44 70 Marine 04:48 71 SCV 04:48 72 Marine 04:50 73 Marauder 04:51 75 SCV 04:56 76 Marauder

Build Order

Get SALT Encoding   

  14  0:18  Supply Depot  
  16  0:41  Barracks  
  16  0:44  Refinery  2 in gas
  17  0:59  Barracks  
  19  1:28  Orbital Command  
  20  1:45  Barracks Reactor  
  22  1:59  Command Center  
  24  2:12  Supply Depot  
  26  2:22  Barracks Tech Lab  Now 3 in gas
  28  2:40  Stimpack  
  42  3:30  Supply Depot  
  42  3:26  Barracks  
  52  3:54  Supply Depot  
  60  4:15  Factory, Barracks Tech Lab  
  60  4:20  Supply Depot  
Spawning Tool Build Advisor. Get it on Overwolf

Go to:

Details

  • Created by: thegreencat88
  • Published on: Jun 26, 2020
  • Modified on: Jun 26, 2020
  • Patch: 4.11.0
  • Difficulty: Medium
Show
View Real Time Build Order
Export as new Build Order

Comments (0)

There are no comments. Be the first!

Create an account to comment!